 Dungeon Crawl Stone Soup version 0.30-a0-1074-g5db6f66fbb (webtiles) character file.

Game seed: 3978794645675207438

7 demibob the Insei (level 1, 0/13 HPs)
             Began as a Demonspawn Wanderer on Apr 13, 2023.
             Slain by a jackal (2 damage)
             ... on level 1 of the Dungeon.
             The game lasted 00:00:32 (210 turns).

demibob the Insei (Demonspawn Wanderer)              Turns: 210, Time: 00:00:33

Health: 0/13       AC:  2    Str:  9    XL:     1   Next: 83%
Magic:  2/2        EV: 11    Int: 10    God:
Gold:   14         SH:  0    Dex: 18    Spells: 1/2 levels left

rFire   . . .      SeeInvis .      - Unarmed
rCold   . . .      Faith    .    (no shield)
rNeg    . . .      Spirit   .    e - +0 robe
rPois   .          Reflect  .    (no helmet)
rElec   .          Rampage  .    (no cloak)
rCorr   .                        (no gloves)
Will    .....                    (no boots)
Stlth   ++                       (no amulet)
HPRegen 0.22/turn                (no ring)
MPRegen 0.08/turn                (no ring)

@: no status effects
A: no striking features
a: no special abilities


You were on level 1 of the Dungeon.
You visited 1 branch of the dungeon, and saw 1 of its levels.

You collected 14 gold pieces.


   Skills:
 - Level 1.0 Stealth
 + Level 4.8 Unarmed Combat
 - Level 1.0 Spellcasting
 - Level 1.0 Fire Magic
 - Level 2.0 Evocations


You had one spell level left.
You knew the following spells:

 Your Spells              Type           Power      Damage    Failure   Level
f - Foxfire               Conj/Fire      4%         2x1d4     28%         1

Your spell library contained the following spells:

 Spells                   Type           Power      Damage    Failure   Level
 Ignite Poison            Fire/Tmut/Pois 1%         N/A       67%         3

Inventory:

Hand Weapons
 a - a +0 dagger
Armour
 e - a +0 robe (worn)
Scrolls
 d - a scroll of vulnerability
 f - a scroll of fear
 g - a scroll of identify {unknown}
Potions
 b - a potion of heal wounds {@q2}
Miscellaneous
 c - a piece from Xom's chessboard (15/15)

Dungeon Overview and Level Annotations

Branches:
Dungeon (1/15)

Altars:

.# #.........#
.#
#########.#.#
.# #.#.# .#
#.#.. .# #.#.#
.# #(#.# ...
#.#.# ..#.
#.#h# #.# #.#@#
##########.#.#
#..........#.#
#.##########.#
# #.# #.# #.#
#.# #.# #.# #.#
#.# ..#
#.##########.##
###
#.............#


You could see a jackal.


Message History

You closely miss the jackal.
The jackal is severely wounded.
The jackal barely misses you.
You closely miss the jackal.
The jackal is severely wounded.
The jackal barely misses you.
You hit the jackal but do no damage.
The jackal is severely wounded.
The jackal bites you. The jackal barely misses you.
You hit the jackal.
You kill the jackal!
The jackal bites you.
A jackal is nearby!
You closely miss the jackal. The jackal bites you.
You closely miss the jackal. The jackal closely misses you.
You closely miss the jackal. The jackal bites you.
* * * LOW HITPOINT WARNING * * *
You are too injured to fight recklessly!
You are too injured to fight recklessly!
You closely miss the jackal. The jackal completely misses you.
The jackal bites you.
* * * LOW HITPOINT WARNING * * *
You closely miss the jackal. The jackal bites you.
* * * LOW HITPOINT WARNING * * *
You barely miss the jackal. The jackal bites you.
* * * LOW HITPOINT WARNING * * *
You miss the jackal. The jackal bites you.
* * * LOW HITPOINT WARNING * * *
The jackal bites you.
You die...

Action                     || total
---------------------------++-------
  Melee: Unarmed           ||    34
    Use: Potion            ||     1
   Stab: Sleeping          ||     1
 Armour: Robe              ||     5
  Dodge: Dodged            ||    20

Levels and vault maps discovered:
D:1:      tarquinn_simple_flora_water_c, layout_basic

Notes
Turn   | Place    | Note
-------+----------+-------------------------------------------
     0 | D:1      | demibob the Demonspawn Wanderer began the quest for the
                  | Orb.
     0 | D:1      | demibob set off with the following items: a +0 dagger, a
                  | potion of heal wounds {@q2}, a piece from Xom's chessboard
                  | (15/15), a scroll of vulnerability, a +0 robe, a scroll of
                  | fear; and the following spell memorised: Foxfire; and the
                  | following spells available to memorise: Ignite Poison.
     0 | D:1      | Reached XP level 1. HP: 13/13 MP: 2/2
   210 | D:1      | Slain by a jackal

Vanquished Creatures
  3 jackals (D:1)
  A ball python (D:1)
  A kobold (D:1)
  2 rats (D:1)
7 creatures vanquished.

Table legend: (Time is in decaauts)
 A = Elapsed time spent in this place.
 B = Non-inter-level travel time spent in this place.
 C = Inter-level travel time spent in this place.
 D = Time resting spent in this place.
 E = Time spent auto-exploring this place.
 F = Levels seen in this place.
 G = Mean time per level.
                   A        B        C        D        E       F      G
               +--------+--------+--------+--------+--------+-----+--------+
         Total |    206 |    206 |      0 |     45 |    103 |   1 |  206.0 |
       Dungeon |    206 |    206 |      0 |     45 |    103 |   1 |  206.0 |
               +--------+--------+--------+--------+--------+-----+--------+

Top non-repeatable levels by time:
     D:1: 206 daAuts

Table legend:
 A = Non-vault XP
 B = Vault XP
 C = Vault XP percentage of total XP
 D = Non-vault monster count
 E = Vault monster count
 F = Vault count percentage of total count
                 A         B        C        D         E       F
            +---------+---------+-------+---------+---------+-------
      Total |      10 |       0 |   0.0 |       7 |       0 |   0.0
            +---------+---------+-------+---------+---------+-------
        D:1 |      10 |       0 |   0.0 |       7 |       0 |   0.0
            +---------+---------+-------+---------+---------+-------
